 Dungeon Crawl Stone Soup version 0.30.1-11-g7821555f0a (webtiles) character file.

Game seed: 12258637295262560873

313891 Electrofox the Slayer (level 20, -15/204 HPs)
             Began as a Minotaur Berserker on Oct 24, 2023.
             Was a High Priest of Trog.
             Killed by vampiric draining
             ... invoked by Jory
              (33 damage)
             ... on level 2 of the Vaults on Oct 27, 2023.
             The game lasted 05:26:37 (37788 turns).

Electrofox the Slayer (Minotaur Berserker)         Turns: 37788, Time: 05:26:38

Health: -15/204    AC: 36    Str: 36    XL:     20   Next: 47%
Magic:  19/19      EV: 10    Int:  6    God:    Trog [*****.]
Gold:   4332       SH: 20    Dex: 15    Spells: 19/19 levels left

rFire   + . .        a - +11 trident of Premature Burial {elec, rPois rC- Str+3 Stlth+}
rCold   x . .        J - +4 kite shield {reflect}
rNeg    . . .        U - +5 plate armour {rF+}
rPois   +            G - +2 hat {SInv}
rElec   +            d - +0 cloak of Generosity {+Blink rElec Will++}
rCorr   .            P - +2 pair of gloves {Dex+3}
SInv    +            X - +1 pair of boots {Stlth+}
Will    +++++        h - amulet of regeneration Stlth
                     g - +6 ring of strength
HPRegen 2.34/turn    N - +4 ring of slaying
MPRegen 0.16/turn

%: reflection
@: strong-willed, regenerating, studying Stealth
A: horns 2, retaliatory headbutt
}: 2/15 runes: decaying, gossamer
a: Renounce Religion, Evoke Blink, Berserk, Trog's Hand, Brothers in Arms


You were on level 2 of the Vaults.
You worshipped Trog.
Trog was extremely pleased with you.
You visited 8 branches of the dungeon, and saw 36 of its levels.
You visited 1 bazaar.
You also visited: Gauntlet and Ice Cave.

You collected 5168 gold pieces.
You spent 836 gold pieces at shops.

Inventory:

Hand Weapons
 a - the +11 trident of Premature Burial (weapon) {elec, rPois rC- Str+3 Stlth+}
   (You found it on level 12 of the Dungeon)

   Str:       It affects your strength (+3).
   rC:        It makes you vulnerable to cold.
   rPois:     It protects you from poison.
   Stlth:     It makes you more stealthy.
 b - the +8 sling "Jelly's Demise" {freeze, rF+}
   (You took it off a minotaur in a Gauntlet)

   rF:        It protects you from fire.
 w - a +6 antimagic demon trident
Missiles
 e - 4 silver javelins
 B - 6 curare-tipped darts (quivered)
 L - 3 throwing nets
Armour
 d - the +0 cloak of Generosity (worn) {+Blink rElec Will++}
   (You found it in a Gauntlet)

   rElec:     It insulates you from electricity.
   +Blink:    It lets you blink.
   Will:      It greatly increases your willpower.
 G - a +2 hat of see invisible (worn)
 J - a +4 kite shield of reflection (worn)
 P - a +2 pair of gloves of dexterity (worn)
 U - a +5 plate armour of fire resistance (worn)
 X - a +1 pair of boots of stealth (worn)
Jewellery
 g - a +6 ring of strength (left hand)
 h - an amulet of regeneration (around neck)
 p - a ring of willpower
 r - the ring of the Monkey {*Corrode rPois rF+++ Int+6 Stlth-}
   (You found it on level 15 of the Dungeon)

   [ring of intelligence]

   Int:       It affects your intelligence (+6).
   rF:        It renders you almost immune to fire.
   rPois:     It protects you from poison.
   *Corrode:  It may corrode you when you take damage.
   Stlth:     It makes you less stealthy.
 N - a +4 ring of slaying (right hand)
 W - the ring "Ymmouv" {rCorr Int+6}
   (You found it on level 3 of the Elven Halls)

   [ring of intelligence]

   Int:       It affects your intelligence (+6).
   rCorr:     It protects you from acid and corrosion.
Wands
 n - a wand of iceblast (38)
 u - a wand of charming (3)
 v - a wand of digging (7)
 D - a wand of flame (83)
 F - a wand of quicksilver (24)
 T - a wand of polymorph (7)
Scrolls
 f - 6 scrolls of fear
 j - a scroll of summoning
 q - 5 scrolls of fog
 s - 4 scrolls of immolation
 y - 10 scrolls of blinking
 C - 3 scrolls of poison
 K - 4 scrolls of magic mapping
 M - 5 scrolls of vulnerability
 Q - 11 scrolls of teleportation
 R - 3 scrolls of brand weapon
Potions
 i - 6 potions of ambrosia
 k - 8 potions of haste
 m - 12 potions of mutation
 o - 11 potions of heal wounds
 x - 3 potions of cancellation
 A - 17 potions of curing
 E - 7 potions of might
 H - 8 potions of flight
 O - 5 potions of invisibility
 V - 2 potions of resistance
 Z - 3 potions of lignification
Miscellaneous
 l - a condenser vane (inert)
 z - a phantom mirror
 I - a lightning rod (4/4)


   Skills:
 + Level 23.3 Fighting
 - Level 6.3(11.9) Axes
 - Level 8.2(9.2) Maces & Flails
 - Level 13.4(14.0) Polearms
 - Level 14.0 Ranged Weapons
 + Level 23.2 Armour
 - Level 2.1 Dodging
 + Level 22.6 Shields
 * Level 5.4 Evocations


You had 19 spell levels left.
You didn't know any spells.
Your spell library was empty.

Dungeon Overview and Level Annotations

Branches:
Dungeon (15/15)            Temple (1/1) D:6            Lair (5/5) D:8
  Swamp (4/4) Lair:3       Spider (4/4) Lair:3          Orc (2/2) D:11
    Elf (3/3) Orc:2        Vaults (2/5) D:14         Depths (0/4) D:15
  IceCv (visited)         Gauntlet (visited)
  Slime: Lair:4-5     Crypt: Vaults:2-3

Altars:
Ashenzari
Cheibriados
Dithmenos
Elyvilon
Fedhas
Gozag
Hepliaklqana
Kikubaaqudgha
Makhleb
Nemelex Xobeh
Okawaru
Qazlal
Ru
Sif Muna
Trog
Uskayaw
Vehumet
Wu Jian
Xom
Yredelemnul
Zin
The Shining One

Shops:
D:6 *   D:7 (   D:13 [   D:15 ?   Orc:1 *   Orc:2 :!?*   Elf:1 :

Annotations:
D:7 1 transporter
D:15 Roxanne
Lair:5 exclusion: 2 oklob plants
Vaults:2 Jory


Innate Abilities, Weirdness & Mutations

You have a pair of horns on your head.
You reflexively headbutt those who attack you in melee.


Message History

The dire elephant trunk-slaps your deep troll.
Jory hits your deep troll with a +3 great sword of pain!!
Your deep troll writhes in agony!
Jory bites your deep troll!
You puncture Jory!
Jory is almost destroyed.
The dire elephant tramples your deep troll!!
Your deep troll holds its ground!
The dire elephant trunk-slaps your deep troll.
Your deep troll dies!
Your deep troll's corpse disappears in a puff of smoke!
You puncture Jory! Your headbutt misses Jory.
Jory is almost destroyed.
Jory hits you but does no damage.
You writhe in agony.
Jory closely misses you.
You puncture Jory!
Jory is almost destroyed.
Jory hits you with a +3 great sword of pain.
You writhe in agony!
Jory bites you but does no damage.
A dire elephant comes into view.
You closely miss Jory. You headbutt Jory, but do no damage.
Jory is almost destroyed.
Jory draws life force from you!
Jory is healed by the life force!
Your skin crawls.
You feel strong-willed. Jory draws life force from you!!!
Jory is healed by the life force!
You block the dire elephant's attack. The dire elephant trunk-slaps you.
The dire elephant tramples you but does no damage.
The dire elephant trunk-slaps you but does no damage.
Jory points at you and mumbles some strange words.
The crystal spear hits you!!!
* * * LOW HITPOINT WARNING * * *
Okay, then.
You hit Jory but do no damage. You headbutt Jory!
Jory is almost destroyed.
The dire elephant closely misses you. You furiously retaliate!
You headbutt the dire elephant!
The dire elephant trunk-slaps you but does no damage.
You block the dire elephant's attack.
The dire elephant trunk-slaps you but does no damage.
Jory draws life force from you!!
You die...

###..........#
......#####..####+###
#####.'...#...#.....#
....#)#...#...#.....#
....'.#####...#.....#
....#.........'.....#
##'############+#####
.†....# #.V.# .†....#
#)Y@# ......# ##Y##
......# .Oc. ......#
#..Y.p ......#
+.....+ #######
#.....# ### #....Y#
#.#### .##+##.
...#.##


You could see Jory (fast), 3 dire elephants, an ironbound thunderhulk and a
yaktaur captain.

Vanquished Creatures
  the Lernaean hydra (Swamp:4)
  Arachne (Spider:2)
  Rupert (D:14)
  4 deep elf blademasters
  Asterion (Spider:3)
  A deep elf master archer (Elf:3)
  A sphinx (Vaults:1)
  Agnes (Spider:3)
  Donald (Spider:3)
  A fire giant (D:15)
  2 frost giants (IceCv)
  10 emperor scorpions
  6 deep elf sorcerers (Elf:3)
  5 ghost moths
  Aizul (Spider:1)
  4 vault wardens
  Louise (D:15)
  3 ghouls (Swamp:2)
  A deep elf elementalist (Elf:3)
  A broodmother (Spider:4)
  7 deep elf demonologists
  9 ironbound preservers
  2 ironbound thunderhulks (Vaults:1)
  8 deep elf annihilators
  5 eleionomae
  4 bunyips
  A minotaur (Gauntlet)
  5 dire elephants
  A white draconian (IceCv)
  A spark wasp (Spider:3)
  6 deep elf death magi
  An ettin (D:13)
  A fire dragon (Lair:5)
  3 great orbs of eyes
  5 yaktaur captains
  An ice dragon (IceCv)
  5 vault guards
  3 entropy weavers
  4 deep elf high priests
  3 jorogumos (Spider:4)
  24 hydras
  5 ironbound frosthearts
  A catoblepas (Lair:5)
  2 ogre magi (D:15)
  4 ghost crabs
  16 centaur warriors
  6 boulder beetles
  11 alligators
  A radroach (Spider:2)
  14 two-headed ogres
  22 dancing weapons
  3 tengu warriors (D:13)
  8 death yaks
  2 orc high priests
  A spriggan berserker (Swamp:2)
  10 deep elf knights
  Nergalle (D:11)
  6 pharaoh ants
  4 skeletal warriors (D:13)
  2 skysharks
  3 sun moths
  2 spriggan druids
  4 goliath frogs
  3 bog bodies
  A glowing orange brain (Vaults:2)
  A spectral hydra (Lair:3)
  19 deep trolls
  6 orb spiders
  10 deep elf archers
  11 swamp dragons
  2 wizards
  8 steelbarb worms
  The ghost of mihai the Covert, a novice KoBr of Dithmenos (D:7)
  An orange crystal statue (IceCv)
  5 ironbound convokers (Vaults:2)
  15 deep elf pyromancers
  2 lindwurms (Lair:5)
  2 necromancers
  24 deep elf zephyrmancers
  2 orc sorcerers (Orc:1)
  22 wolf spiders
  7 orc knights
  5 manticores
  21 ugly things
  5 cyclopes
  5 moths of wrath
  12 elephants
  A will-o-the-wisp (Swamp:4)
  3 black mambas
  An elephant (shapeshifter) (Vaults:1)
  An ice statue (Swamp:4)
  5 vault sentinels
  A gargoyle (D:10)
  16 cane toads
  An unseen horror (D:12)
  26 rime drakes
  5 torpor snails
  Maggie (D:6)
  3 komodo dragons
  10 demonic crawlers
  A kobold demonologist (D:11)
  20 yaktaurs
  2 harpy zombies (D:14)
  11 polar bears (IceCv)
  A meliai (shapeshifter) (D:14)
  A queen bee (Gauntlet)
  9 meliai
  2 trolls
  13 blink frogs
  10 hornets
  A tengu simulacrum (Vaults:2)
  22 tarantellas
  5 tyrant leeches
  21 dream sheep
  A culicivora (shapeshifter) (Elf:3)
  A spectral black mamba (Lair:3)
  16 slime creatures
  24 culicivoras
  2 shadows
  A yak (shapeshifter) (D:13)
  27 jumping spiders
  2 water elementals
  10 spriggans
  3 wyverns
  2 vampires
  2 air elementals (Elf:3)
  2 wraiths
  The ghost of NerdRage255 the Covered, an amateur MiFi (D:5)
  3 large abominations (Gauntlet)
  39 yaks
  4 basilisks
  2 fire elementals
  A spectral komodo dragon (Lair:3)
  58 redbacks
  4 steam dragons
  12 vampire mosquitoes
  5 wargs
  A harpy simulacrum (D:14)
  A swamp worm (shapeshifter) (D:13)
  14 swamp worms
  2 acid dragons
  A spectral blink frog (Lair:3)
  34 orc warriors
  21 water moccasins
  A sky beast (D:8)
  2 ice beasts
  2 black bears
  8 swamp drakes
  12 ogres
  The ghost of Tali the Chopper, an amateur DsCK of Xom (D:3)
  A wolf (shapeshifter) (D:14)
  A spectral rime drake (Lair:3)
  21 centaurs
  4 small abominations (Gauntlet)
  6 wolves
  A phantom (D:7)
  5 kobold brigands
  A gnoll sergeant (D:8)
  2 scorpions
  11 bullfrogs
  3 earth elementals
  A water moccasin zombie (D:5)
  12 wights
  9 killer bees
  5 electric eels
  8 howler monkeys
  3 hounds
  A jelly (D:7)
  19 orc priests
  Crazy Yiuf (D:4)
  A gnoll bouda (D:9)
  Terence (D:2)
  6 iguanas
  19 orc wizards
  A hound zombie (D:5)
  9 gnolls
  2 adders
  3 shadow imps
  A white imp (D:6)
  An ufetubus (D:5)
  2 worms
  A dart slug (D:4)
  76 orcs
  9 ball pythons
  2 endoplasms (D:4)
  8 giant cockroaches
  11 goblins
  13 hobgoblins
  4 jackals (D:1)
  4 quokkas
  16 bats
  4 frilled lizards
  25 kobolds
  2 rats
1315 creatures vanquished.

Vanquished Creatures (collateral kills)
  Mara (Swamp:4)
  Frances (Swamp:2)
  A vault warden (Vaults:2)
  An eleionoma (Swamp:2)
  An alligator (Swamp:2)
  Lodul (D:11)
  A bog body (Swamp:2)
  A jumping spider (Spider:4)
  A redback (Spider:4)
  2 swamp worms (Swamp:2)
  A swamp drake (Swamp:4)
  5 ogres (D:11)
17 creatures vanquished.

Vanquished Creatures (others)
  A deep elf knight (Elf:3)
  A spriggan (Swamp:3)
  2 deep elf pyromancers (Elf:2)
  A hornet (Swamp:3)
  3 bloated husks
  A meliai (shapeshifter) (D:14)
  An air elemental (Elf:1)
  A jumping spider (Spider:4)
  A swamp worm (Swamp:1)
  A swamp drake (Swamp:1)
  A wight (D:9)
  4 foxfires (Swamp:4)
18 creatures vanquished.

Grand Total: 1350 creatures vanquished

Notes
Turn   | Place    | Note
-------+----------+-------------------------------------------
     0 | D:1      | Electrofox the Minotaur Berserker began the quest for the
                  | Orb.
     0 | D:1      | Reached XP level 1. HP: 19/19 MP: 0/0
   251 | D:1      | Reached XP level 2. HP: 23/26 MP: 1/1
   586 | D:1      | Reached ** piety under Trog
   608 | D:1      | Reached skill level 5 in Axes
   814 | D:2      | Reached XP level 3. HP: 31/31 MP: 2/2
  1271 | D:2      | Noticed Terence
  1282 | D:2      | Killed Terence
  1283 | D:2      | Reached XP level 4. HP: 39/39 MP: 3/3
  1649 | D:3      | Reached skill level 1 in Polearms
  1715 | D:3      | Found a transporter.
  1730 | D:3      | Found a transporter.
  1733 | D:3      | You fall into a shaft and drop 3 floors!
  1778 | D:6      | Found Rioklat's Profane Products.
  1863 | D:6      | Reached XP level 5. HP: 45/45 MP: 4/4
  1933 | D:5      | Entered Level 5 of the Dungeon
  2019 | D:4      | Noticed a centaur
  2027 | D:4      | Killed a centaur
  2028 | D:4      | Reached skill level 5 in Polearms
  2028 | D:4      | Reached XP level 6. HP: 51/51 MP: 5/5
  2049 | D:3      | Reached *** piety under Trog
  2323 | D:3      | Found a large runed translucent door.
  2323 | D:3      | Found a large runed translucent door.
  2324 | D:3      | Noticed Tali's ghost (amateur DsCK)
  2676 | D:4      | Found a runed translucent door.
  2677 | D:4      | Noticed Crazy Yiuf
  2830 | D:4      | Reached **** piety under Trog
  2839 | D:4      | Reached XP level 7. HP: 57/57 MP: 6/6
  3296 | D:5      | Found a blossoming altar of Fedhas.
  3511 | D:5      | Found a runed translucent gate.
  3511 | D:5      | Found a runed translucent gate.
  3511 | D:5      | Found a runed translucent gate.
  3511 | D:5      | Noticed NerdRage255's ghost (amateur MiFi)
  3513 | D:5      | Found a basalt altar of Yredelemnul.
  3647 | D:5      | Found a broken altar of Ashenzari.
  3943 | D:5      | Found a bloodstained altar of Trog.
  4061 | D:3      | Killed Tali's ghost
  4062 | D:3      | Reached XP level 8. HP: 60/64 MP: 7/7
  4152 | D:4      | Killed Crazy Yiuf
  4153 | D:4      | Reached skill level 10 in Polearms
  4537 | D:6      | Found a staircase to the Ecumenical Temple.
  4543 | Temple   | Entered the Ecumenical Temple
  4764 | D:6      | Noticed Maggie
  4782 | D:6      | Killed Maggie
  4856 | D:6      | Found a hazy altar of Hepliaklqana.
  4922 | D:7      | Found a transporter.
  4924 | D:7      | Noticed mihai's ghost (novice KoBr)
  4924 | D:7      | Noticed a moth of wrath
  4926 | D:7      | Noticed a five-headed hydra
  5078 | D:7      | Found a radiant altar of Vehumet.
  5094 | D:7      | Reached skill level 1 in Shields
  5104 | D:7      | Reached XP level 9. HP: 67/71 MP: 8/8
  5112 | D:7      | Identified the +1 leather armour of Servitude {rPois
                  | Slay+3}
  5116 | D:7      | Found Luthreum's Weapon Shop.
  5152 | D:7      | Found a white marble altar of Elyvilon.
  5158 | D:7      | Found a hide-covered altar of Uskayaw.
  5552 | D:7      | Found a transporter.
  5627 | D:7      | Found a sparkling altar of Nemelex Xobeh.
  5627 | D:7      | Found a transporter.
  5627 | D:7      | Noticed a centaur warrior
  5799 | D:8      | Found a staircase to the Lair.
  6071 | D:8      | Reached skill level 5 in Fighting
  6502 | D:8      | Reached ***** piety under Trog
  6503 | D:8      | Reached skill level 5 in Armour
  6673 | D:9      | Found an ancient bone altar of Kikubaaqudgha.
  6761 | D:9      | Noticed a four-headed hydra
  6852 | D:9      | Killed a four-headed hydra
  6853 | D:9      | Reached skill level 5 in Shields
  6985 | D:9      | Reached XP level 10. HP: 86/86 MP: 9/9
  7503 | D:10     | Entered Level 10 of the Dungeon
  7503 | D:10     | Noticed a gargoyle
  7514 | D:10     | Killed a gargoyle
  7770 | D:10     | Noticed a two-headed ogre
  7808 | D:10     | Killed a two-headed ogre
  7841 | D:10     | Identified a scroll of acquirement
  7842 | D:10     | Acquired a +4 morningstar of flaming
  8032 | D:10     | Reached skill level 1 in Maces & Flails
  8425 | D:11     | Noticed Lodul
  8440 | D:11     | Killed Lodul
  8441 | D:11     | Reached skill level 5 in Maces & Flails
  8583 | D:11     | Reached XP level 11. HP: 95/95 MP: 10/10
  8656 | D:11     | Noticed a two-headed ogre
  8687 | D:11     | Killed a two-headed ogre
  8740 | D:11     | Received a gift from Trog
  8759 | D:11     | Noticed Nergalle
  8779 | D:11     | Killed Nergalle
  8792 | D:11     | Noticed a sun demon
  8851 | D:11     | Found a staircase to the Orcish Mines.
  9558 | D:12     | Noticed a boulder beetle
  9572 | D:12     | Killed a boulder beetle
  9781 | D:12     | Identified the +11 trident of Premature Burial {elec, rPois
                  | rC- Str+3 Stlth+}
  9861 | D:12     | Noticed a two-headed ogre
  9868 | D:12     | Killed a two-headed ogre
  9869 | D:12     | Reached skill level 10 in Fighting
 10168 | D:13     | Noticed a centaur warrior
 10172 | D:13     | Killed a centaur warrior
 10173 | D:13     | Reached skill level 10 in Armour
 10204 | D:13     | Found a blossoming altar of Fedhas.
 10278 | D:13     | Noticed a two-headed ogre
 10279 | D:13     | Noticed a skeletal warrior
 10291 | D:13     | Killed a two-headed ogre
 10292 | D:13     | Reached XP level 12. HP: 107/107 MP: 11/11
 10308 | D:13     | Reached skill level 10 in Shields
 10410 | D:13     | Found Yhumy's Antique Armour Shoppe.
 10451 | D:13     | Noticed an ettin
 10458 | D:13     | Killed an ettin
 10519 | D:13     | Noticed a tengu warrior
 10526 | D:13     | Killed a tengu warrior
 10553 | D:13     | Noticed a boulder beetle
 10553 | D:13     | Noticed a seven-headed hydra
 10562 | D:13     | Killed a boulder beetle
 10576 | D:13     | Noticed a centaur warrior
 10589 | D:13     | Killed a centaur warrior
 10630 | D:13     | Noticed a seven-headed hydra
 10640 | D:13     | Killed a seven-headed hydra
 10831 | D:13     | Noticed a boulder beetle
 10855 | D:13     | Killed a boulder beetle
 10920 | D:13     | Noticed a tengu warrior
 10921 | D:13     | Noticed a tengu warrior
 10935 | D:13     | Killed a tengu warrior
 10942 | D:13     | Killed a tengu warrior
 11048 | D:13     | Identified the +6 whip "Apakle" {protect, rElec rPois rF-
                  | rC+}
 11539 | D:14     | Reached XP level 13. HP: 119/119 MP: 12/12
 11541 | D:14     | Received a gift from Trog
 11848 | D:14     | Found a gate to the Vaults.
 11928 | D:14     | Noticed Rupert
 12288 | D:14     | Killed Rupert
 12352 | D:14     | Found a broken altar of Ashenzari.
 12454 | D:15     | Entered Level 15 of the Dungeon
 12690 | D:15     | Found Upajydgh's Magic Scroll Shop.
 12690 | D:15     | Found a staircase to the Depths.
 12690 | D:15     | Noticed a fire giant
 12716 | D:15     | Found a gate leading to a gauntlet.
 12747 | Gauntlet | Entered a Gauntlet
 12747 | Gauntlet | Found a transporter.
 12747 | Gauntlet | Found a transporter.
 12747 | Gauntlet | Found a transporter.
 12751 | Gauntlet | Found a transporter.
 12761 | Gauntlet | Found a transporter.
 12761 | Gauntlet | Found a transporter.
 12761 | Gauntlet | Found a transporter.
 12765 | Gauntlet | Found a transporter.
 12766 | Gauntlet | Found a transporter.
 12777 | Gauntlet | Found a transporter.
 12777 | Gauntlet | Found the brooch of Shielding {Spirit SH+8}
 12881 | Gauntlet | Found a transporter.
 12883 | Gauntlet | Noticed a dire elephant
 12895 | Gauntlet | Found a transporter.
 13141 | Gauntlet | Killed a dire elephant
 13159 | Gauntlet | Identified the +0 cloak of Generosity {+Blink rElec Will++}
 13230 | Gauntlet | Identified the +8 sling "Jelly's Demise" {freeze, rF+}
 13230 | Gauntlet | Noticed a minotaur
 13239 | Gauntlet | Killed a minotaur
 13250 | Gauntlet | Identified the +0 pair of gloves of the Other World {rCorr}
 13305 | D:15     | Identified the ring of the Monkey {*Corrode rPois rF+++
                  | Int+6 Stlth-}
 13428 | D:15     | Reached skill level 1 in Ranged Weapons
 13468 | D:15     | Reached XP level 14. HP: 133/133 MP: 13/13
 13703 | D:15     | Killed a fire giant
 13861 | D:15     | Reached skill level 5 in Ranged Weapons
 13862 | D:15     | Noticed Louise
 13871 | D:15     | Killed Louise
 13885 | D:15     | Identified Roxanne's Quarto of Detritus
 13885 | D:15     | Noticed Roxanne
 14545 | Lair:1   | Entered Level 1 of the Lair of Beasts
 14933 | Lair:1   | Reached skill level 15 in Fighting
 15353 | Lair:1   | Acquired a manual of Shields
 15382 | Lair:2   | Reached skill level 15 in Armour
 15752 | Lair:2   | Reached skill level 15 in Shields
 16262 | Lair:3   | Identified the +0 falchion "Yghukkua" {freeze, rPois MP+9
                  | Str+2 Dex-4}
 16375 | Lair:3   | Reached ****** piety under Trog
 16389 | Lair:3   | Found a hole to the Spider Nest.
 16446 | Lair:3   | Found the +7 lajatang of Order {silver, rMut}
 16582 | Lair:3   | Reached XP level 15. HP: 120/141 MP: 14/14
 16602 | Lair:3   | Found a staircase to the Swamp.
 17432 | Lair:4   | Found a glowing silver altar of Zin.
 17459 | Lair:4   | Identified the +1 hand axe of Breathing Execution
                  | {antimagic, Int-4 Dex+4}
 17480 | Lair:4   | Received a gift from Trog
 18567 | D:5      | Killed NerdRage255's ghost
 18709 | D:7      | Killed mihai's ghost
 18903 | Lair:5   | Entered Level 5 of the Lair of Beasts
 19091 | Lair:5   | Reached skill level 10 in Ranged Weapons
 19193 | Lair:5   | Received a gift from Trog
 19872 | Spider:1 | Entered Level 1 of the Spider Nest
 20302 | Spider:1 | Noticed Aizul
 20317 | Spider:1 | Killed Aizul
 20528 | Spider:1 | Reached XP level 16. HP: 142/152 MP: 15/15
 20870 | Spider:1 | Received a gift from Trog
 21827 | Spider:2 | Noticed Arachne
 21847 | Spider:2 | Killed Arachne
 22322 | Spider:3 | Received a gift from Trog
 22501 | Spider:3 | Noticed Donald
 22514 | Spider:3 | Killed Donald
 22663 | Spider:3 | Noticed Asterion
 22685 | Spider:3 | Killed Asterion
 23022 | Spider:3 | Noticed Agnes
 23033 | Spider:3 | Killed Agnes
 23310 | Spider:4 | Entered Level 4 of the Spider Nest
 23692 | Spider:4 | Received a gift from Trog
 24139 | Spider:4 | Reached XP level 17. HP: 106/159 MP: 16/16
 25114 | Spider:4 | Got a gossamer rune of Zot
 25222 | Spider:2 | Upgraded the game from 0.30.1-9-gdf580d7c3d to
                  | 0.30.1-11-g7821555f0a
 25399 | Orc:1    | Entered Level 1 of the Orcish Mines
 25410 | Orc:1    | Received a gift from Trog
 25851 | Orc:1    | Found Ciplawku's General Store.
 25988 | Orc:2    | Entered Level 2 of the Orcish Mines
 25988 | Orc:2    | Found a staircase to the Elven Halls.
 26368 | Orc:2    | Found Ehaes's Magic Scroll Shoppe.
 26368 | Orc:2    | Found Lamuh's Distillery.
 26370 | Orc:2    | Found Xeterry's Book Boutique.
 26372 | Orc:2    | Found Joismane's General Store.
 26380 | Orc:2    | Bought a potion of heal wounds for 65 gold pieces
 26380 | Orc:2    | Bought a potion of might for 52 gold pieces
 26380 | Orc:2    | Bought a potion of heal wounds for 65 gold pieces
 26570 | Elf:1    | Entered Level 1 of the Elven Halls
 26586 | Elf:1    | Received a gift from Trog
 26640 | Elf:1    | Noticed a Tzitzimitl
 27044 | Elf:1    | Found a radiant altar of Vehumet.
 27194 | Elf:1    | Found Meufir's One-of-a-Kind Books.
 27194 | Elf:1    | You fall into a shaft and drop 1 floor!
 27258 | Elf:2    | Noticed a deep elf blademaster
 27267 | Elf:2    | Killed a deep elf blademaster
 27322 | Elf:2    | Found a huge runed translucent gate.
 27323 | Elf:2    | Found a huge runed translucent gate.
 27324 | Elf:2    | Found a huge runed translucent gate.
 27325 | Elf:2    | Found a huge runed translucent gate.
 27326 | Elf:2    | Found a huge runed translucent gate.
 27462 | Elf:2    | Found a flickering gateway to a bazaar.
 27477 | Bazaar   | Entered a bazaar
 27477 | Bazaar   | Found Luito's General Store.
 27484 | Bazaar   | Found Wonwul's Jewellery Boutique.
 27492 | Bazaar   | Found Ikivet's Antique Armour Boutique.
 27503 | Bazaar   | Found Wamnukh's Antique Weapon Emporium.
 27514 | Bazaar   | Found Omycaq Sali's Magic Scroll Shop.
 27522 | Bazaar   | Bought 2 scrolls of teleportation for 48 gold pieces
 27522 | Bazaar   | Bought a scroll of enchant armour for 60 gold pieces
 27522 | Bazaar   | Bought a scroll of teleportation for 24 gold pieces
 27522 | Bazaar   | Bought a scroll of enchant armour for 60 gold pieces
 27892 | Elf:2    | Reached XP level 18. HP: 178/178 MP: 17/17
 28174 | Elf:2    | Received a gift from Trog
 29126 | Elf:3    | Entered Level 3 of the Elven Halls
 29127 | Elf:3    | Paralysed by an air elemental for 1 turns
 29348 | Elf:3    | Acquired 688 gold pieces
 30204 | Elf:3    | Paralysed by an air elemental for 1 turns
 30242 | Elf:3    | Identified the +7 quarterstaff "Weucso Luts" {protect,
                  | rC+++ Str-3 SInv Stlth+}
 30334 | Elf:3    | Received a gift from Trog
 30343 | Elf:3    | Identified the amulet of Hov Itam {Faith +Inv Dex-2 SInv}
 30690 | Elf:3    | Identified the ring "Ymmouv" {rCorr Int+6}
 30706 | Elf:3    | Identified the +8 sling "Bikemi Jani" {flame, rPois Will+
                  | Dex-4}
 30710 | Elf:3    | Identified the staff of death "Osenunut" {rC++ rN+ Str+3
                  | Int-4 Dex+4}
 31253 | Swamp:1  | Entered Level 1 of the Swamp
 32136 | Swamp:2  | Received a gift from Trog
 32201 | Swamp:2  | Reached XP level 19. HP: 190/190 MP: 18/18
 32205 | Swamp:2  | Found the +2 cloak of the Thief {*Fog Slay-2 SInv Stlth+}
 32206 | Swamp:2  | Noticed Frances
 32215 | Swamp:2  | Killed Frances
 32965 | Swamp:4  | Entered Level 4 of the Swamp
 33259 | Swamp:4  | Found a frozen archway.
 33293 | IceCv    | Entered an ice cave
 33762 | IceCv    | Received a gift from Trog
 34292 | IceCv    | Identified the +1 great sword of Gravity {heavy, Str+3}
 34693 | Swamp:4  | Noticed Mara
 34710 | Swamp:4  | Noticed Electrofox's illusion
 34724 | Swamp:4  | Noticed Electrofox's illusion
 34729 | Swamp:4  | Killed Mara
 34888 | Swamp:4  | Noticed the 27-headed Lernaean hydra
 35165 | Swamp:4  | Killed the 27-headed Lernaean hydra
 35266 | Swamp:4  | Got a decaying rune of Zot
 35606 | Vaults:1 | Entered Level 1 of the Vaults
 35765 | D:13     | Bought a steaming scale mail for 252 gold pieces
 35765 | D:13     | Identified the +2 scale mail of Past Mistakes {Str+9 Int-5
                  | Dex+4} (You bought it in a shop on level 13 of the Dungeon)
 35765 | D:13     | Bought a pair of runed boots for 210 gold pieces
 36365 | Vaults:1 | Received a gift from Trog
 36442 | Vaults:1 | Reached skill level 1 in Evocations
 36467 | Vaults:1 | Reached XP level 20. HP: 187/202 MP: 19/19
 37165 | Vaults:2 | Received a gift from Trog
 37638 | Vaults:2 | Reached skill level 5 in Evocations
 37771 | Vaults:2 | Noticed Jory
 37788 | Vaults:2 | Killed from afar by Jory

Illustrated notes

Levels and vault maps discovered:
D:1:      giann_horns, layout_basic, kennysheep_boxes
D:2:      layout_loops_ring, st_stairs_7, minmay_tromino_v2, uniq_terence
D:3:      gammafunk_steamed_eel, layout_loops_ring, ebering_ghost_disaster_area,
          grunt_ministairs_14, st_stairs_7
D:4:      layout_loops_ring, uniq_crazy_yiuf_cottage
D:5:      layout_loops_ring, mainiacjoe_overflow_concentric_impassable,
          trog_book, lemuel_doored_altar, nicolae_yredelemnul_ghost_church
D:6:      layout_loops_ring, nzn_hepliaklqana_mist_gate,
          minmay_temple_entry_wispy, nrook_mini_vaults, nicolae_evil_shop,
          uniq_maggie
D:7:      layout_loops_cross, grunt_nemelex_the_gamble, vehumet_altar_wand_db,
          minitemple, gammafunk_ghost_berserking_beasts, serial_shops,
          shop_statue
D:8:      layout_cave_pods, lair_entry_dummy
D:9:      layout_small_grid, tgw_kikubaaqudgha
D:10:     layout_roguey, roderic_batcave
D:11:     layout_gridville, erik_orc_4, uniq_nergalle, uniq_lodul
D:12:     layout_cave_pools
D:13:     nzn_winding_woodlands_cross [nzn_winding_woodlands_5x15_pool,
          nzn_winding_woodlands_5x15_cabin, nzn_winding_woodlands_5x15_pockets,
          nzn_winding_woodlands_5x15_garden,
          nzn_winding_woodlands_15x15_thick_spiral], layout_loops_corners,
          serial_shops, shop, fedhas_ov_isle_minmay
D:14:     layout_basic, david_vaults_2, ashenzari_conservatory_becter,
          uniq_rupert
D:15:     grunt_enter_depths_giant_problem, layout_stronghold, serial_shops,
          shop, gauntlet_entry_generic, uniq_roxanne, uniq_louise
Temple:   minmay_temple_bridge_abc
Lair:1:   layout_regular_city, beast_lair_carwin_10, grunt_megastairs_4
Lair:2:   layout_small_grid
Lair:3:   layout_small_grid, nicolae_swamp_entry_spooky, spider_nest_entry_a,
          beast_lair_carwin_2
Lair:4:   layout_layer_cave, basic_altar
Lair:5:   hangedman_lair_in_review, layout_cave_pods, guppyfry_lair_end_dragon,
          minmay_slime_entry_oklob_open, chequers_serial_rivers_small_a
Swamp:1:  layout_basic_swamp, nicolae_swamp_little_tower
Swamp:2:  layout_falls_marsh, evilmike_swamp_ruin_rubble_2, uniq_frances
Swamp:3:  layout_falls_marsh, nicolae_swamp_round_clearing
Swamp:4:  swamp, layout_basic_swamp, portal_ice_cave_entry_ice_statue_one,
          swamp_pool2, uniq_mara
Spider:1: layout_spider_delve, nicolae_spider_jagged_tunnels, uniq_aizul
Spider:2: layout_cave_pods, uniq_arachne
Spider:3: layout_spider_delve, uniq_donald, uniq_asterion, uniq_agnes
Spider:4: guppyfry_spider_rune
Orc:1:    layout_caves, serial_shops, shop, lemuel_statue_altar
Orc:2:    st_orc_rangers, layout_caves
Elf:1:    nicolae_elf_arrival_fired_up, layout_geoelf_grid, basic_altar,
          minmay_elf_demonology, st_stairs_13, nicolae_rare_books,
          grunt_megastairs_1
Elf:2:    elven_hall_of_blades_hangedman_alternative
          [nicolae_blade_entry_floor_patterns], layout_loops_corners,
          serial_shops, bzr_firewalk
Elf:3:    minmay_elf_hall_quartered_circle, layout_geoelf_octagon
Vaults:1: ontoclasm_vaults_echo, nicolae_vaults_house_2,
          nicolae_vaults_mini_display_case, hangedman_vaults_snaps,
          nicolae_vaults_rhombus_7, hangedman_vaults_river_flow, v_misc_13,
          layout_vaults_omnicross
Vaults:2: nicolae_vaults_trapezoid_lopsided_3, ontoclasm_vaults_pinch,
          hangedman_vaults_stretched_pinwheel, v_rooms_1,
          nicolae_vaults_tetromino_L_2, serial_ice_m,
          nicolae_vaults_double_plus_3, nicolae_vaults_twisting_passages,
          v_misc_18, nicolae_vaults_little_squares_2,
          nicolae_vaults_trapezoid_lopsided_3, v_alt_pattern_5, v_misc_19,
          ontoclasm_vaults_idyll, nicolae_vaults_circle_grid_a,
          layout_vaults_omnibox, uniq_margery, uniq_jory

Skill      XL: |  1  2  3  4  5  6  7  8  9 10 11 12 13 14 15 16 17 18 19 20 |
---------------+-------------------------------------------------------------+-----
Axes           | 4 5 6 |  6.3
Polearms       | 2 5 7 9 12 13 | 13.4
Shields        | 1 5 8 9 11 13 15 17 19 20 22 | 22.6
Fighting       | 4 7 8 10 12 14 15 16 17 19 21 22 23 | 23.3
Armour         | 3 6 8 10 12 14 15 16 17 19 21 22 23 | 23.2
Maces & Flails | 5 8 |  8.2
Ranged Weapons | 2 8 11 14 | 14.0
Evocations     | 1 5 |  5.4
Dodging        | |  2.1

Action                     |  1- 3 |  4- 6 |  7- 9 | 10-12 | 13-15 | 16-18 | 19-21 || total
---------------------------+-------+-------+-------+-------+-------+-------+-------++-------
  Melee: Hand axe          |   106 |       |       |       |       |       |       ||   106
         Headbutt          |    13 |    25 |    70 |   111 |   193 |   266 |   200 ||   878
         Punch             |     1 |       |       |       |       |       |       ||     1
         Spear             |    16 |   197 |   380 |   421 |       |       |       ||  1014
         Morningstar       |       |       |       |    19 |       |       |       ||    19
         Trident           |       |       |       |   197 |   973 |  1447 |   592 ||  3209
         Demon trident     |       |       |       |       |       |       |   163 ||   163
   Fire: Sling             |       |       |    13 |     4 |   104 |   137 |   133 ||   391
  Throw: Dart              |       |     6 |    20 |    63 |    61 |    72 |     6 ||   228
         Throwing net      |       |       |       |     2 |       |       |       ||     2
         Javelin           |       |       |       |     1 |       |     8 |       ||     9
 Invoke: Berserk           |       |     1 |     3 |     6 |     8 |    11 |     2 ||    31
         Trog's Hand       |       |     1 |       |     1 |     8 |     6 |     8 ||    24
         Brothers in Arms  |       |       |       |     1 |       |     3 |     5 ||     9
Ability: Evoke Blink       |       |       |       |       |     2 |     5 |       ||     7
  Evoke: Wand              |       |       |     6 |     2 |     3 |       |     5 ||    16
         Phantom mirror    |       |       |       |       |       |     1 |       ||     1
         Condenser vane    |       |       |       |       |       |       |     1 ||     1
    Use: Scroll            |       |       |    11 |    12 |     9 |    10 |    12 ||    54
         Potion            |       |       |       |       |     2 |     4 |     4 ||    10
   Stab: Sleeping          |       |       |       |     1 |       |       |       ||     1
         Distracted        |       |       |       |     1 |     1 |       |     2 ||     4
         Confused          |       |       |       |       |       |       |     2 ||     2
         Fleeing           |       |       |       |       |       |       |     1 ||     1
 Armour: Chain mail        |    54 |     1 |       |       |       |       |       ||    55
         Animal skin       |     1 |       |       |       |       |       |       ||     1
         Ring mail         |       |    40 |    43 |    70 |    27 |       |       ||   180
         Plate armour      |       |       |       |       |   310 |   601 |   369 ||  1280
  Dodge: Dodged            |    42 |    35 |    88 |   134 |   201 |   350 |   168 ||  1018
  Block: Kite shield       |    29 |    53 |    69 |   187 |   443 |   850 |   423 ||  2054
         Reflection        |       |       |       |       |       |    92 |    49 ||   141
